[Event "Early-Titled-Tuesday-Blitz-October-10-2023"]
[Site "Chess.com"]
[Date "2023.10.10"]
[Round "9"]
[White "FischerKasparow"]
[Black "tarno17"]
[Result "0-1"]
[WhiteElo "2113"]
[BlackElo "2138"]
[TimeControl "180+1"]
[EndTime "9:43:57 PDT"]
[Termination "tarno17 won by checkmate"]

1. e4 c5 2. Nf3 e6 3. d4 cxd4 4. Nxd4 a6 5. Bd3 Bc5 6. Nb3 Be7 7. O-O d6 8. c4 Nd7 9. Nc3 Qc7 10. Be3 b6 11. f4 Bb7 12. Qe2 Ngf6 13. Nd2 g6 14.
h3 h5 15. Rac1 Nc5 16. Bb1 Rd8 17. Bf2 h4 18. Nf3 Nh5 19. f5 gxf5 20. exf5 Nf4 21. Qe3 e5 22. b4 Nd7 23. Nd5 Bxd5 24. cxd5 Qb7 25. Be4 Nf6 26. Rc6 N6xd5 27. Qc1 Kd7 28. Nxe5+ dxe5 29. Rd1 Qxc6 30. Bxd5 Nxd5 31. Qd2 Ke8 32. a3 Nf4 33. Be3 Rxd2 34. Rxd2 Rg8 35. Kf1 Nxg2 36. Bf2 Nf4 37. Rd1 Qh1+ 38. Bg1 Qxg1# 0-1

[Event "Early-Titled-Tuesday-Blitz-October-10-2023"]
[Site "Chess.com"]
[Date "2023.10.10"]
[Round "9"]
[White "rasmussvane"]
[Black "GothamChess"]
[Result "1-0"]
[WhiteElo "3003"]
[BlackElo "2757"]
[TimeControl "180+1"]
[EndTime "9:43:58 PDT"]
[Termination "rasmussvane won by resignation"]

1. Nf3 g6 2. g3 Bg7 3. d4 d6 4.
Bg2 Nc6 5. O-O Bd7 6. e4 Qc8 7. d5 Ne5 8. Nxe5 Bxe5 9. Nd2 Bh3 10. Nf3 Bg7 11. Bxh3 Qxh3 12. Ng5 Qd7 13. Re1 h6 14. Nf3 Nf6 15. c4 O-O 16. e5 Ng4 17. e6 fxe6 18.
Rxe6 Rf6 19. Rxf6 exf6 20. Nd4 Ne5 21. b3 Qh3 22. Qf1 Qg4 23. Be3 f5 24. f3 Qh5 25.
Kg2 Re8 26. Re1 a6 27. Ne6 Re7 28. h4 Rxe6 29. dxe6 g5 30. hxg5 hxg5 31. Bd4 g4 32. fxg4 Nxg4 33. Qh1 Qxh1+ 34. Kxh1 Bxd4 35. e7 Nf6 36. e8=Q+ Nxe8 37. Rxe8+ Kf7 38. Rb8 b6 39. Rb7 Ke6 40.
Rxc7 a5 41. Kg2 Be5 42. Kf3 d5 43. Rc6+ Kd7 44. Rxb6 1-0

[Event "Early-Titled-Tuesday-Blitz-October-10-2023"]
[Site "Chess.com"]
[Date "2023.10.10"]
[Round "9"]
[White "YouShallNotPass001"]
[Black "jaskol95"]
[Result "0-1"]
[WhiteElo "2397"]
[BlackElo "2584"]
[TimeControl "180+1"]
[EndTime "9:43:59 PDT"]
[Termination "jaskol95 won by checkmate"]

1. Nf3 d5 2. e3 Bg4 3. Be2 Nf6 4. O-O e6 5. h3 Bxf3 6. Bxf3 c6 7. b3 Bd6 8. c4 Nbd7 9. Bb2 a5 10. cxd5 exd5 11. a3 O-O 12. d3 Qe7 13. Nd2 Be5 14. d4 Bd6 15. Qc2 Rfe8 16. Rfe1 Ne4 17. Nxe4 dxe4 18. Be2 Nf6 19. Qc1 Nd5 20. Bf1 Qg5 21. Qd1 f5 22.
b4 axb4 23. axb4 Bxb4 24. Re2 f4 25. exf4 Nxf4 26. Re3 Nd5 27. Rg3 Qf6 28. Rxa8 Rxa8 29. Qg4 Rf8 30. Kh2 Bd6 31. Bc4 Bxg3+ 32. fxg3 Qf5 33. Qe2 b5 34. Bb3 Qf2 35. Bxd5+ cxd5 36. Qxb5 Qf5 37. Ba3 Rc8 38. Bd6 h6 39. Be5 Qf7 40.
Qb3 Kh7 41. Qa2 Rc1 42. Qd2 Qf1 43. g4 Qg1+ 44. Kg3 Qe1+ 45. Qxe1 Rxe1 46. Kf2 Rd1 47. Ke2 Rd3 48. h4 g6 49. h5 Rb3 50.
g3 Rb6 51. Ke3 Kg8 52. Kf4 Kf7 53. g5 gxh5 54. gxh6 Rxh6 55. Kg5 Re6 56. Kf4 Kg6 57. Bh8 Kf7 58. Be5 Rxe5 59. dxe5 Ke6 60. Kg5 e3 61. Kxh5 e2 62. g4 e1=Q 63. g5 Qxe5 64. Kh6 Kf5 65.
g6 Qh8# 0-1

[Event "Early-Titled-Tuesday-Blitz-October-10-2023"]
[Site "Chess.com"]
[Date "2023.10.10"]
[Round "9"]
[White "Shuvalov"]
[Black "Josgar05"]
[Result "1-0"]
[WhiteElo "2478"]
[BlackElo "2276"]
[TimeControl "180+1"]
[EndTime "9:43:59 PDT"]
[Termination "Shuvalov won by resignation"]

1. d4 Nf6 2. c4 c5 3. Nf3 cxd4 4. Nxd4 g6 5. Nc3 Bg7 6. g3 O-O 7. Bg2 Nc6 8. O-O a6 9. Bf4 Re8 10. Nc2 d6 11. Qd2 Bd7 12. Rfd1 Rc8 13. Rac1 Qa5 14.
b4 Nxb4 15. Nd5 Nc6 16. Qxa5 Nxa5 17. Nb6 Rc7 18. Ne3 Nh5 19. Ned5 Nxf4 20. Nxc7 Nxe2+ 21. Kf1 Nxc1 22. Nxe8 Bxe8 23. Rxc1 Bd4 24. Nd5 Kf8 25. Ne3 e6 26. Ke2 Ke7 27. Kd3 Bc5 28. Rb1 b6 29. f4 Nc6 30. Nc2 Kd7 31. Bxc6+ Kxc6 32. Nd4+ Kc7 33.
Nb3 Bc6 34. Nxc5 bxc5 35. g4 f5 36. gxf5 exf5 37. Re1 Be4+ 38. Kc3 Kd7 39. h4 Ke6 40. Re2 Kf6 41. Rb2 h6 42. Rb6 Ke6 43. Rxa6 Kd7 44. Ra7+ Ke6 45. Rh7 h5 46. a4 Bc6 47. a5 Bd7 48. a6 Bc6 49. a7 Be4 50. Rh8 1-0

[Event "Early-Titled-Tuesday-Blitz-October-10-2023"]
[Site "Chess.com"]
[Date "2023.10.10"]
[Round "9"]
[White "ploxoi"]
[Black "bazar-wokzal"]
[Result "0-1"]
[WhiteElo "2443"]
[BlackElo "2550"]
[TimeControl "180+1"]
[EndTime "9:44:01 PDT"]
[Termination "bazar-wokzal won by resignation"]

1. d4 Nf6 2. c4 Nc6 3. Nf3 e6 4. Nc3 Bb4 5. Qc2 d6 6. g3 O-O 7.
Bd2 e5 8. d5 Ne7 9. Bg2 Bf5 10.
e4 Bxc3 11. exf5 Bxd2+ 12. Nxd2 Qd7 13. Bh3 c6 14. dxc6 bxc6 15. Nf3 e4 16. Nd4 d5 17. c5 Rfb8 18. a3 a5 19. g4 h6 20.
Rg1 Nh7 21. Bf1 Qc7 22. h4 Qh2 23. Rg2 Qxh4 24. O-O-O Rb7 25. Rg3 Qf6 26. Be2 Ng5 27. Rd2 Qe5 28. Rg1 Qf4 29. Qc3 Qxf2 30. Rf1 Qh4 31. f6 gxf6 32. Rxf6 Qe1+ 33. Rd1 Qxc3+ 34. bxc3 Kg7 35. Rd6 Rab8 36. Nxc6 Rb1+ 37. Kd2 R8b2+ 38. Ke3 Nxc6 39. Rxc6 Rxd1 40. Bxd1 Rb1 41. Be2 Ra1 42. Rd6 Rxa3 43. Kd4 Ne6+ 44. Kxd5 Rxc3 45. Bc4 e3 46. c6 e2 47. Bxe2 Nf4+ 48. Ke4 Nxe2 49. Rd2 Ng3+ 50. Kd5 a4 51. Kd6 Ne4+ 0-1

[Event "Early-Titled-Tuesday-Blitz-October-10-2023"]
[Site "Chess.com"]
[Date "2023.10.10"]
[Round "9"]
[White "TregubovP"]
[Black "attack2mateU"]
[Result "1-0"]
[WhiteElo "2602"]
[BlackElo "2727"]
[TimeControl "180+1"]
[EndTime "9:44:02 PDT"]
[Termination "TregubovP won on time"]

1. e4 c5 2. Nf3 d6 3. Bb5+ Nd7 4. Ba4 Nf6 5. O-O e6 6. Re1 a6 7. c3 b5 8. Bc2 Bb7 9. d4 Be7 10. Nbd2 Qc7 11. e5 dxe5 12. dxe5 Nd5 13. Ne4 c4 14. a4 b4 15. Bg5 b3 16. Bb1 O-O 17. Qe2 Rfc8 18. Bxe7 Nxe7 19. Nd6 Bxf3 20. Qxf3 Nxe5 21. Bxh7+ Kf8 22. Rxe5 Qxd6 23. Rae1 Ke8 24. h4 Ra7 25. h5 Rc5 26. Rxc5 Qxc5 27. h6 gxh6 28. Qf6 Qg5 29. Qh8+ Kd7 30. Rd1+ Nd5 31. Be4 Ke7 32.
Bxd5 Rd7 33. Bf3 Rxd1+ 34. Bxd1 Qc1 35. Qd4 Qxb2 36. Qxc4 Qd2 37. Qxb3 Qe1+ 38. Kh2 Qxf2 39. Qb4+ Ke8 40. Bf3 Kd8 41. Bc6 1-0

[Event "Early-Titled-Tuesday-Blitz-October-10-2023"]
[Site "Chess.com"]
[Date "2023.10.10"]
[Round "9"]
[White "Shivananda1964"]
[Black "lluiss"]
[Result "1-0"]
[WhiteElo "2411"]
[BlackElo "2192"]
[TimeControl "180+1"]
[EndTime "9:44:09 PDT"]
[Termination "Shivananda1964 won on time"]

1. Nf3 Nf6 2. b3 d5 3. Bb2 Bf5 4. g3 e6 5. Bg2 h6 6. O-O Be7 7. c4 O-O 8. d3 c6 9. Nbd2 Nbd7 10. Re1 Nc5 11. b4 Ncd7 12. Rb1 a5 13. b5 Nc5 14. bxc6 bxc6 15. Nd4 Qd7 16. Nxf5 exf5 17. cxd5 cxd5 18. Nf3 Rab8 19. Bc3 a4 20. Qd2 Na6 21.
Qf4 Bd6 22. Qh4 Be7 23. Qd4 Bc5 24. Qh4 Be7 25. Ne5 Qe6 26. Qf4 Bd6 27. Qd4 Bc5 28.
Qxa4 d4 29. Bxd4 Bxd4 30. Qxd4 Rbd8 31. Qf4 g5 32. Qe3 Rfe8 33. d4 Nd5 34. Bxd5 Qxd5 35.
Red1 f6 36. h3 fxe5 37. h4 exd4 38. Qd3 1-0

[Event "Early-Titled-Tuesday-Blitz-October-10-2023"]
[Site "Chess.com"]
[Date "2023.10.10"]
[Round "9"]
[White "JimDiGrease"]
[Black "djano"]
[Result "1-0"]
[WhiteElo "2906"]
[BlackElo "2676"]
[TimeControl "180+1"]
[EndTime "9:44:10 PDT"]
[Termination "JimDiGrease won by resignation"]

1. d4 d5 2. c4 e6 3. Nf3 h6 4. e3 Nf6 5. Nc3 Nc6 6. b3 Bb4 7. Bb2 Ne4 8. Rc1 Qf6 9. Bd3 Nxc3 10. Bxc3 Bxc3+ 11. Rxc3 Ne7 12. cxd5 exd5 13. Rc1 c6 14. b4 a6 15. a4 Bf5 16. b5 O-O 17. bxc6 bxc6 18.
O-O Rfb8 19. Rc5 Bg4 20. Be2 Rb2 21. h3 Bxf3 22. Bxf3 Rab8 23. Qd3 R8b6 24. Rfc1 g6 25.
Ra5 Nf5 26. Rxa6 Rxa6 27. Qxa6 Nh4 28. Qc8+ Kg7 29. Qg4 h5 30. Qg3 Ra2 31. Bd1 Kh7 32. Bc2 Qe7 33. Bb3 Rb2 34. Bd1 Ra2 35. Qf4 Nf5 36.
Rxc6 Ra1 37. Qf3 Nxd4 38. exd4 Qe1+ 39. Kh2 Rxd1 40. Qxf7+ Kh8 41. Rc8+ 1-0

[Event "Early-Titled-Tuesday-Blitz-October-10-2023"]
[Site "Chess.com"]
[Date "2023.10.10"]
[Round "9"]
[White "ChainedDowntohell"]
[Black "soumeow"]
[Result "1-0"]
[WhiteElo "2432"]
[BlackElo "2296"]
[TimeControl "180+1"]
[EndTime "9:44:10 PDT"]
[Termination "ChainedDowntohell won on time"]

1. d4 Nf6 2. c4 g6 3. Nc3 Bg7 4. e4 d6 5. Bd3 O-O 6. Nge2 c5 7. d5 e6 8. O-O exd5 9. exd5 Nbd7 10. f4 Re8 11.
Ng3 a6 12. a4 Rb8 13. f5 Ne5 14. Be2 h6 15. fxg6 fxg6 16. Qc2 Qe7 17. h3 Bd7 18. Bf4 Rf8 19. Rae1 g5 20. Bd2 Ne8 21. Rxf8+ Bxf8 22. Nf5 Qh7 23. Rf1 Ng7 24. g4 Nxf5 25. gxf5 Be7 26. Qe4 Rf8 27. f6 Rxf6 28. Rxf6 Bxf6 29. Qe3 Qf5 30.
Ne4 Be7 31. Kg2 Kg7 32. Bc3 Kf8 33. Nxc5 dxc5 34. Bxe5 Kg8 35. Bd3 Qf7 36. Qe4 Bxa4 37. Be2 Bd7 38. Bf3 Bf5 39. Qe3 Bf6 40. Bxf6 Qxf6 41.
Qxc5 Qxb2+ 42. Kg1 1-0

[Event "Early-Titled-Tuesday-Blitz-October-10-2023"]
[Site "Chess.com"]
[Date "2023.10.10"]
[Round "9"]
[White "seopie"]
[Black "Jospem"]
[Result "0-1"]
[WhiteElo "2789"]
[BlackElo "3094"]
[TimeControl "180+1"]
[EndTime "9:44:11 PDT"]
[Termination "Jospem won by resignation"]

1. c4 c5 2. Nf3 Nc6 3. Nc3 g6 4. e3 Bg7 5. d4 d6 6. d5 Nb4 7. Be2 Nf6 8. e4 O-O 9. O-O e5 10. a3 Na6 11. Rb1 Ne8 12. b4 f5 13. Ng5 Nac7 14.
bxc5 dxc5 15. a4 Nd6 16. exf5 gxf5 17. a5 Rb8 18. f4 exf4 19. Na4 Qxg5 20. Nxc5 Qe7 21.
Bxf4 b6 22. Nb3 Bd7 23. axb6 axb6 24. Nd4 Qf6 25. Ne6 Bxe6 26. Bxd6 Rfc8 27. dxe6 Qxe6 28.
Bf4 Kh8 29. Kh1 Rd8 30. Qc2 Rbc8 31. Bf3 Ne8 32. Bd5 Qxd5 33. cxd5 Rxc2 34. Rxb6 Kg8 35. d6 Rc5 36. g3 Rd5 37. Re1 Nxd6 38. Re7 Bf8 39.
Rc7 Ne4 40. Rbb7 Nc5 41. Ra7 Ne6 42. Rxh7 Nxf4 43. gxf4 Rd1+ 44. Kg2 R8d2+ 45. Kf3 Rd3+ 46. Ke2 R1d2+ 47. Kf1 Rb2 48. Ke1 Bb4+ 0-1

[Event "Early-Titled-Tuesday-Blitz-October-10-2023"]
[Site "Chess.com"]
[Date "2023.10.10"]
[Round "9"]
[White "FoxOnTheRun97"]
[Black "KorolDimitriy75"]
[Result "1-0"]
[WhiteElo "2540"]
[BlackElo "2403"]
[TimeControl "180+1"]
[EndTime "9:44:11 PDT"]
[Termination "FoxOnTheRun97 won on time"]

1. d4 Nf6 2. Bg5 Ne4 3. h4 c5 4. d5 Qb6 5. Nd2 Nxg5 6. hxg5 Qxb2 7. g6 Qf6 8. gxh7 g6 9. Ngf3 Qg7 10. Ng5 f6 11.
Nge4 d6 12. Rb1 Rxh7 13. Rxh7 Qxh7 14. e3 Nd7 15. Ng3 f5 16. Bb5 Bg7 17. Bxd7+ Kxd7 18. e4 Kc7 19. Qe2 Bd7 20. exf5 gxf5 21. Nh5 Bc3 22. Rb3 Ba5 23. c3 Rh8 24. Nf4 Qh6 25.
g3 Qf6 26. Qe3 Rh1+ 27. Ke2 a6 28. Ne6+ Bxe6 29. dxe6 b5 30. c4 Bxd2 31. Qxd2 Qxe6+ 32. Re3 Qxc4+ 33. Kf3 Qg4+ 34. Kg2 Qh3+ 35. Kf3 Qg4+ 36. Kg2 Rh7 37. Qa5+ Kb7 38. Qd8 1-0

[Event "Early-Titled-Tuesday-Blitz-October-10-2023"]
[Site "Chess.com"]
[Date "2023.10.10"]
[Round "9"]
[White "ActorXu"]
[Black "OparinGrigoriy"]
[Result "1-0"]
[WhiteElo "2766"]
[BlackElo "2977"]
[TimeControl "180+1"]
[EndTime "9:44:12 PDT"]
[Termination "ActorXu won by resignation"]

1. e4 c5 2. Nf3 Nc6 3. Bb5 e6 4. O-O Nge7 5. Re1 h6 6. c3 a6 7. Bf1 d5 8. e5 d4 9. Bd3 Nf5 10. Be4 Bd7 11. d3 Be7 12. Nbd2 Rc8 13. Nc4 b5 14.
Bxf5 bxc4 15. Be4 cxd3 16. Qxd3 Qb6 17. b3 O-O 18. Bf4 Rfd8 19. Nd2 dxc3 20. Qxc3 Qb4 21.
Qg3 Kh8 22. Nc4 Nd4 23. Qh3 Bf8 24. Nd6 Kg8 25. Nxf7 Kxf7 26. Qh5+ Kg8 27. Qg6 Nf5 28. g4 Ne7 29. Qh7+ Kf7 30. Re3 Bc6 31. f3 Rd2 32. Kh1 Qd4 33. Rae1 Ke8 34. g5 hxg5 35. Bxg5 Bxe4 36.
fxe4 Qxe5 37. Qh4 Rcd8 38. Rf3 R8d4 39. Qh5+ g6 40. Rxf8+ Kxf8 41. Bxe7+ Kxe7 42. Qxe5 c4 43. bxc4 Rxc4 44. Qg5+ 1-0

[Event "Early-Titled-Tuesday-Blitz-October-10-2023"]
[Site "Chess.com"]
[Date "2023.10.10"]
[Round "9"]
[White "borocotoajua"]
[Black "vedantgoswami"]
[Result "1-0"]
[WhiteElo "2572"]
[BlackElo "2387"]
[TimeControl "180+1"]
[EndTime "9:44:13 PDT"]
[Termination "borocotoajua won by checkmate"]

1. d4 Nf6 2. Nf3 e6 3. c4 c5 4.
d5 exd5 5. cxd5 d6 6. Nc3 g6 7. e4 Bg7 8. Be2 O-O 9. O-O Re8 10. Nd2 a6 11. a4 Nbd7 12. Nc4 Nb6 13. Nxb6 Qxb6 14.
a5 Qd8 15. Qc2 Nd7 16. Bf4 Ne5 17. Bg3 g5 18. Nd1 Bd7 19. Ne3 Qf6 20. Rab1 Qg6 21. b4 Rac8 22. b5 axb5 23. Bxb5 Bxb5 24. Rxb5 h5 25. h3 h4 26. Bxe5 Bxe5 27. Rxb7 Bd4 28. Nf5 Qf6 29. a6 c4 30. Rd7 Be5 31. a7 Ra8 32. Qxc4 Rec8 33. Ne7+ Kf8 34. Nxc8 Qf4 35. Rd1 Qh2+ 36. Kf1 Qh1+ 37. Ke2 Qxg2 38. Nb6 Bg3 39. Rf1 Qxh3 40. Nxa8 Qxd7 41. Nb6 Qg4+ 42. f3 Qh3 43. a8=Q+ Kg7 44. Qa1+ Kg6 45. Kd3 Qg2 46. Qd1 Bf4 47. e5 Bxe5 48. Nd7 Bf4 49. Qe2 Qh3 50. Qce4+ Kh6 51. Nf6 Qc8 52. Qh7# 1-0

[Event "Early-Titled-Tuesday-Blitz-October-10-2023"]
[Site "Chess.com"]
[Date "2023.10.10"]
[Round "9"]
[White "kidagent"]
[Black "Cambek64"]
[Result "1-0"]
[WhiteElo "2279"]
[BlackElo "2414"]
[TimeControl "180+1"]
[EndTime "9:44:13 PDT"]
[Termination "kidagent won on time"]

1. c4 a6 2. g3 b5 3. Bg2 c6 4. Na3 d5 5. cxd5 cxd5 6. Nf3 Nf6 7. O-O e6 8. b3 Nc6 9. Bb2 Bb7 10. d3 Bd6 11. Re1 Qe7 12. Nc2 e5 13. e4 d4 14. a4 O-O 15. Ba3 Bxa3 16. Nxa3 Qb4 17. Re2 Rfe8 18. Bh3 Bc8 19. Bxc8 Raxc8 20. Rb2 bxa4 21. Nc4 a5 22. bxa4 Qe7 23. Rb5 Nd7 24. Rab1 f6 25. Nxa5 Nxa5 26. Rxa5 Nc5 27. Rab5 Rc7 28.
Nd2 Rec8 29. Nc4 Nxe4 30. Qb3 Nc5 31. Rxc5 Rxc5 32. Nd6+ Kf8 33. Nxc8 Rxc8 34. a5 Qc5 35. a6 Rc7 36. Qb8+ Ke7 37. Rb7 Kd7 38. a7 Qc1+ 39. Kg2 Qc6+ 40. Kh3 1-0

[Event "Early-Titled-Tuesday-Blitz-October-10-2023"]
[Site "Chess.com"]
[Date "2023.10.10"]
[Round "9"]
[White "FGHSMN"]
[Black "elprimo2012mortis"]
[Result "1-0"]
[WhiteElo "2866"]
[BlackElo "2685"]
[TimeControl "180+1"]
[EndTime "9:44:15 PDT"]
[Termination "FGHSMN won on time"]

1. d4 Nf6 2. Nf3 e6 3. Bf4 h6 4. e3 Nh5 5. Bg3 Nxg3 6. hxg3 g6 7. Bd3 Bg7 8. g4 d6 9. c3 e5 10. Nfd2 Qg5 11. Be2 Nc6 12. d5 Nb8 13. c4 a5 14.
Nc3 Qe7 15. Qc2 Na6 16. O-O-O Nc5 17. Nde4 b6 18. f3 Bd7 19. Nxc5 bxc5 20. Bd3 Rb8 21. Kb1 Rb4 22. e4 Bf6 23. Nb5 Bxb5 24. cxb5 Rd4 25. Qc3 a4 26. Bc2 Bg5 27. Qa5 O-O 28. Bxa4 Rb8 29.
Bc2 Rb4 30. a4 Qd8 31. Qa6 Be3 32. Rd3 Rb6 33. Qa7 Bd4 34. Rb3 Rxb3 35. Bxb3 c4 36. Bxc4 Rxb5 37. Qxd4 exd4 38. Bxb5 Qg5 39. Rd1 Qe3 40. Rd3 Qe1+ 41. Ka2 Qb4 42. Rb3 Qa5 43. Ka3 Kg7 44. Rd3 Qb6 45. b4 g5 46. Kb3 Kf6 47. Kc4 Ke5 48. a5 Qa7 49. a6 Qb6 50. Ra3 Qa7 51. Kd3 Kf4 52. Bc4 Ke5 53. b5 f6 54. g3 f5 55. exf5 Kf6 56. Ra2 Kf7 57.
f4 1-0

[Event "Early-Titled-Tuesday-Blitz-October-10-2023"]
[Site "Chess.com"]
[Date "2023.10.10"]
[Round "9"]
[White "YairParkhov"]
[Black "Dannyyi"]
[Result "1-0"]
[WhiteElo "2521"]
[BlackElo "2173"]
[TimeControl "180+1"]
[EndTime "9:44:18 PDT"]
[Termination "YairParkhov won by checkmate"]

1. d4 Nf6 2. c4 g6 3. Nc3 d5 4. cxd5 Nxd5 5. Nf3 Bg7 6. Bg5 Nxc3 7. bxc3 c5 8. e3 Nc6 9. Bc4 O-O 10. O-O Qd6 11. Bf4 Qd8 12. h3 Bf5 13. Qe2 Na5 14. Bd3 Bxd3 15.
Qxd3 Rc8 16. Rab1 b6 17. Rfd1 Qd5 18. Rb2 Rfd8 19. Re2 e6 20. Be5 Bxe5 21. Nxe5 Nc6 22.
Nxc6 Qxc6 23. Red2 Qa4 24. e4 cxd4 25. cxd4 Rc4 26. h4 h5 27. Qe3 b5 28. g4 hxg4 29. h5 Kg7 30. h6+ Kh7 31. Qf4 Qb4 32. Qxf7+ Kxh6 33. Kg2 Qf8 34. Qxf8+ Rxf8 35. d5 exd5 36.
exd5 Rd8 37. d6 Rd7 38. Re1 Rc6 39. Re6 a5 40. Rd4 Rc4 41. Rd1 Rc6 42. Rd4 Kh7 43. Kg3 b4 44. Kxg4 Kh6 45. f3 Rc1 46. Kg3 Rc2 47. Rh4+ Kg5 48. Rg4+ Kf5 49. Rgxg6 Rxa2 50. Rgf6+ Kg5 51. f4+ Kh5 52. Rh6# 1-0

[Event "Early-Titled-Tuesday-Blitz-October-10-2023"]
[Site "Chess.com"]
[Date "2023.10.10"]
[Round "9"]
[White "mortngabriel"]
[Black "nitpicker"]
[Result "1/2-1/2"]
[WhiteElo "2492"]
[BlackElo "2271"]
[TimeControl "180+1"]
[EndTime "9:44:19 PDT"]
[Termination "Game drawn by repetition"]

1. d4 Nf6 2. Nf3 b6 3. c4 e6 4. e3 Bb7 5. Be2 d5 6. Nc3 Be7 7. O-O O-O 8. b3 c5 9. Bb2 Nc6 10. Rc1 cxd4 11. Nxd4 Rc8 12. Nxc6 Bxc6 13. cxd5 Nxd5 14.
Ba6 Rb8 15. Nxd5 Bxd5 16. Be5 Ra8 17. Qd4 Bc5 18. Qg4 f6 19. Bb2 Qe7 20. e4 f5 21.
exf5 exf5 22. Qf4 Rae8 23. h3 Qe4 24. Qxe4 fxe4 25. Rcd1 Ba8 26. Bc1 h6 27. Be3 Bxe3 28. fxe3 Rd8 29. Bc4+ Kh7 30. Rxf8 Rxd1+ 31. Rf1 Rxf1+ 32.
Kxf1 Kg6 33. Kf2 Kf6 34. Kg3 Ke5 35. Kg4 g6 36. h4 Bc6 37. Kg3 Bd7 38. Kf2 Bg4 39.
g3 Bd7 40. Ke1 Bg4 41. b4 Bd7 42. a3 g5 43. hxg5 hxg5 44. Kd2 Bg4 45. Kc3 Bf3 46. Bf1 Kf5 47. Bh3+ Bg4 48. Bf1 Bf3 49. Bh3+ Bg4 50. Bf1 Bf3 1/2-1/2

[Event "Early-Titled-Tuesday-Blitz-October-10-2023"]
[Site "Chess.com"]
[Date "2023.10.10"]
[Round "9"]
[White "Kotofeyca"]
[Black "rikchessmx"]
[Result "1-0"]
[WhiteElo "2435"]
[BlackElo "2306"]
[TimeControl "180+1"]
[EndTime "9:44:20 PDT"]
[Termination "Kotofeyca won on time"]

1. d4 Nf6 2. c4 e6 3. Nf3 c5 4. Nc3 cxd4 5. Nxd4 a6 6. g3 Qc7 7. Bg2 Qxc4 8. Be3 Nc6 9. Kf1 Ng4 10. Rc1 Nxe3+ 11. fxe3 Qb4 12. a3 Qb6 13. Na4 Qd8 14. Qb3 Be7 15. Nb6 Rb8 16. Nc4 O-O 17. Bxc6 dxc6 18. Nxc6 Qc7 19. Nxb8 Qxb8 20. Nb6 e5 21. Nxc8 Rxc8 22. Kg2 Rf8 23. Qd5 Bf6 24. e4 Qa7 25.
Qc5 Qb8 26. Rhd1 h5 27. Rd7 h4 28. Qd5 b5 29. Rcc7 Qe8 30. g4 Bg5 31. Kh3 g6 32.
Rc6 Kg7 33. Rxa6 Qc8 34. Rc6 Qe8 35. Rcc7 Bf6 36. Qxb5 Qe6 37. Qd5 Qe8 38. a4 Qb8 39.
Rxf7+ Rxf7 40. Rxf7+ Kh6 41. Rxf6 Qxb2 42. Qd3 Qa1 43.
Kxh4 Qe1+ 44. Kh3 Qg1 45. Qf3 1-0

[Event "Early-Titled-Tuesday-Blitz-October-10-2023"]
[Site "Chess.com"]
[Date "2023.10.10"]
[Round "9"]
[White "JAN2404"]
[Black "CraiggoryC"]
[Result "0-1"]
[WhiteElo "2073"]
[BlackElo "2261"]
[TimeControl "180+1"]
[EndTime "9:44:21 PDT"]
[Termination "CraiggoryC won on time"]

1. e4 e6 2. Nc3 d5 3. exd5 exd5 4. d4 Nf6 5. Nf3 c6 6. Be2 Be7 7. O-O O-O 8. Bf4 Nbd7 9. Re1 Re8 10. h3 Nf8 11.
Bd3 Ne6 12. Bg3 g6 13. Ne5 Ng7 14. Qf3 Bf5 15. Rad1 Nd7 16. a4 a5 17. Re2 Nxe5 18.
Bxe5 Bxd3 19. Qxd3 f6 20. Bg3 Bd6 21. Rde1 Qd7 22.
Bxd6 Qxd6 23. Nb1 Qb4 24. b3 Qxe1+ 25. Rxe1 Rxe1+ 26. Kh2 Rxb1 27. Qg3 Re1 28. Qc7 Re2 29. Qxb7 Rae8 30. Qxc6 Rxf2 31. Qxd5+ Kh8 32. Kg3 Ree2 33. Qd8+ Ne8 34. Qd5 Rxg2+ 35. Qxg2 Rxg2+ 36. Kxg2 Kg7 37. Kf3 Kf7 38. c4 Ke6 39. Ke3 Kd6 40. Kd3 f5 41. c5+ Kd5 42. Ke3 g5 43. h4 h6 44. h5 Nc7 45. Kd3 f4 0-1

[Event "Early-Titled-Tuesday-Blitz-October-10-2023"]
[Site "Chess.com"]
[Date "2023.10.10"]
[Round "9"]
[White "Oleksandr_Bortnyk"]
[Black "TigrVShlyape"]
[Result "1-0"]
[WhiteElo "3055"]
[BlackElo "2932"]
[TimeControl "180+1"]
[EndTime "9:44:22 PDT"]
[Termination "Oleksandr_Bortnyk won on time"]

1. d4 d5 2. Nc3 Nf6 3. Bf4 c6 4. e3 Bf5 5. Nf3 e6 6. Ne5 h5 7. Bd3 Nbd7 8. O-O Be7 9. Bxf5 exf5 10. Qd3 g6 11. f3 O-O 12. Rae1 Nxe5 13. Bxe5 Nd7 14.
Bg3 h4 15. Bf2 h3 16. gxh3 Bh4 17. e4 Qg5+ 18. Kh1 Rae8 19. e5 Bxf2 20. Rxf2 Qh4 21.
Ref1 Kg7 22. Rg2 Qxh3 23. Ne2 Rh8 24. Nf4 Qh4 25. Qxf5 Nf8 26. Rfg1 Rh6 27. c3 Ne6 28.
Nxe6+ Rxe6 29. Qg4 Rh5 30. Qxh4 Rxh4 31. Rg4 Rh5 32. Kg2 Re8 33. h4 Kf8 34. Kg3 Ke7 35.
Re1 Ke6 36. Rf4 Rf5 37. b3 Rh8 38. Rxf5 Kxf5 39. c4 dxc4 40. bxc4 Rd8 41. Re4 Ke6 42. Kg4 b5 43. cxb5 cxb5 44. Rf4 b4 45. Kg5 a5 46.
Rf6+ Ke7 47. Ra6 Rd5 48. f4 1-0

[Event "Early-Titled-Tuesday-Blitz-October-10-2023"]
[Site "Chess.com"]
[Date "2023.10.10"]
[Round "9"]
[White "McCarthyStone"]
[Black "cande_francisco"]
[Result "1-0"]
[WhiteElo "2430"]
[BlackElo "2523"]
[TimeControl "180+1"]
[EndTime "9:44:22 PDT"]
[Termination "McCarthyStone won by resignation"]

1. Nf3 c5 2. b3 Nc6 3. Bb2 d5 4. e3 Nf6 5. Bb5 e6 6. Ne5 Qc7 7. Bxc6+ bxc6 8. O-O Nd7 9. f4 Nxe5 10. Bxe5 Qd8 11.
Qh5 g6 12. Qf3 f6 13. Bb2 Bg7 14. Nc3 O-O 15. Na4 c4 16. bxc4 Rb8 17. Ba3 Re8 18. cxd5 Qa5 19. Bd6 Qxa4 20. Bxb8 Ba6 21. Rfb1 cxd5 22.
c3 Bd3 23. Rb4 Qd7 24. Qd1 a5 25. Rb6 e5 26. fxe5 fxe5 27. Qb3 Bc4 28. Qa3 Qf7 29. Bd6 Bf8 30. Rab1 Bd3 31. Rb7 Qf6 32. Qa4 Qd8 33.
Rd7 Qf6 34. Re1 Bxd6 35. Rxd6 Qf7 36. Qd7 Qf8 37. Rxd5 Re7 38. Qd6 Qe8 39. Rxd3 e4 40. Qd5+ Rf7 41. Rd4 Qe7 42. Qxe4 Qf6 43. Qf3 Qb6 44.
Rf4 Rc7 45. Rf1 Kg7 46. Rf7+ Rxf7 47. Qxf7+ Kh6 48. Qf4+ Kg7 49. Qd4+ 1-0

[Event "Early-Titled-Tuesday-Blitz-October-10-2023"]
[Site "Chess.com"]
[Date "2023.10.10"]
[Round "9"]
[White "HajiyevKanan"]
[Black "JoliyRoger"]
[Result "1-0"]
[WhiteElo "2581"]
[BlackElo "2471"]
[TimeControl "180+1"]
[EndTime "9:44:24 PDT"]
[Termination "HajiyevKanan won on time"]

1. d4 Nf6 2. Nf3 e6 3. c4 c5 4.
e3 cxd4 5. Nxd4 Nc6 6. Be2 Bb4+ 7.
Bd2 Be7 8. Bc3 O-O 9. O-O d6 10.
Nd2 a6 11. b3 Ne5 12. Rc1 Rb8 13.
h3 Qc7 14. f4 Ned7 15. Bf3 Nc5 16. Qe2 e5 17. Nc2 e4 18. Bg4 Nxg4 19. hxg4 b5 20. Nd4 Bd7 21. Bb2 b4 22. Nf5 Bxf5 23. gxf5 Nd3 24.
Rb1 Qc6 25. Bd4 Bf6 26. Bxf6 gxf6 27. Qg4+ Kh8 28. Qh4 Kg7 29. Qg4+ Kh8 30. Qh5 Kg7 31. g4 d5 32. cxd5 Qxd5 33. Nc4 Rg8 34. Kg2 Kh8 35. Rh1 Rg7 36. Rbd1 Rbg8 37. Kg3 a5 38. Rh4 a4 39.
Rdh1 Rxg4+ 40. Rxg4 Rxg4+ 41. Kxg4 Kg8 42. Qxh7+ Kf8 43.
Kg3 Nc5 44. Qh8+ Ke7 45. Qb8 Qd3 46. Qc7+ Nd7 47. bxa4 1-0

[Event "Early-Titled-Tuesday-Blitz-October-10-2023"]
[Site "Chess.com"]
[Date "2023.10.10"]
[Round "9"]
[White "guillembaches"]
[Black "Irina_Mikhaylova"]
[Result "1-0"]
[WhiteElo "2494"]
[BlackElo "2310"]
[TimeControl "180+1"]
[EndTime "9:44:25 PDT"]
[Termination "guillembaches won by resignation"]

1. d4 Nf6 2. Nf3 g6 3. Bg5 Bg7 4. Nbd2 d5 5. e3 O-O 6. c3 c5 7. Bd3 b6 8. Qe2 a5 9. Ne5 Nfd7 10. Nxd7 Qxd7 11. Bb5 Qd6 12. Nf3 cxd4 13. exd4 e6 14. Bh4 Ba6 15. Bg3 Qd8 16. a4 Bxb5 17. Qxb5 Nd7 18.
O-O Re8 19. Rfe1 Nf6 20. Bh4 Qd7 21. Qd3 Ne4 22. Nd2 Nxd2 23. Qxd2 Rab8 24. Bg3 Rb7 25. Qd3 Bf8 26. h4 Bd6 27. h5 Bxg3 28. Qxg3 Kg7 29. Qh4 Qe7 30. h6+ Kg8 31. Qf4 f6 32. Re3 Qf7 33. Rae1 Rbe7 34. Qd6 e5 35. Qxb6 g5 36. Qxa5 exd4 37. cxd4 Rxe3 38. Rxe3 Rxe3 39. fxe3 Qe6 40. Qd8+ Kf7 41. Qc7+ Kg6 42. Qg7+ Kh5 43. Kf2 Qf5+ 44. Kg1 Qe4 45. Qxf6 Qxe3+ 46. Kh2 g4 47. Qe5+ Qxe5+ 48. dxe5 Kg5 49. a5 d4 50. Kg3 Kf5 51.
a6 d3 52. Kf2 d2 53. Ke2 Kxe5 54.
Kxd2 1-0